 Dungeon Crawl Stone Soup version 0.28.0-53-g5a82cb258f (webtiles) character file.

Game seed: 3756022911820992658

50 SanguineChosen the Skirmisher (level 3, 0/34 HPs)
             Began as a Minotaur Berserker on Aug 2, 2022.
             Was a Believer of Trog.
             Succumbed to an adder's poison
             ... on level 2 of the Dungeon.
             The game lasted 00:05:02 (1577 turns).

SanguineChosen the Skirmisher (Minotaur Berserker)  Turns: 1577, Time: 00:05:02

Health: 0/34       AC:  3    Str: 23    XL:     3   Next: 55%
Magic:  2/2        EV: 12    Int:  4    God:    Trog [**....]
Gold:   22         SH:  0    Dex:  9    Spells: 2/2 levels left

rFire   . . .      SeeInvis .   a - +0 hand axe
rCold   . . .      Faith    .   (no shield)
rNeg    . . .      Spirit   .   b - +0 animal skin
rPois   .          Reflect  .   (helmet restricted)
rElec   .          Harm     .   (no cloak)
rCorr   .          Rampage  .   h - +0 pair of gloves
Will    .....                   (no boots)
Stlth   +.........              (no amulet)
HPRegen 0.11/turn               (no ring)
MPRegen 0.08/turn               (no ring)

@: lethally poisoned (0 -> -4)
A: horns 2, retaliatory headbutt
a: Renounce Religion, Berserk, Trog's Hand


You were on level 2 of the Dungeon.
You worshipped Trog.
Trog was pleased with you.
You visited 1 branch of the dungeon, and saw 2 of its levels.

You collected 22 gold pieces.

Inventory:

Hand Weapons
 a - a +0 hand axe (weapon)
Armour
 b - a +0 animal skin (worn)
 h - a +0 pair of gloves (worn)
Scrolls
 f - a scroll of identify {unknown}
Potions
 c - a potion of haste {unknown}
 d - 2 potions of mutation {unknown}
 e - a potion of flight {unknown}
 g - a potion of brilliance {unknown}


   Skills:
 + Level 4.7 Fighting
 + Level 4.2 Axes
 + Level 2.7 Armour
 + Level 2.5 Dodging


You had 2 spell levels left.
You didn't know any spells.
Your spell library was empty.

Dungeon Overview and Level Annotations

Branches:
Dungeon (2/15)

Altars:
Beogh


Innate Abilities, Weirdness & Mutations

You have a pair of horns on your head.
You reflexively headbutt those who attack you in melee.


Message History

You headbutt the jackal!
You kill the jackal!
Trog accepts your kill. The rat barely misses you.
The jackal barely misses you. The adder closely misses you.
The jackal bites you.
Found 11 gold pieces.
The rat barely misses you. The adder barely misses you.
The jackal bites you but does no damage.
The jackal barely misses you.
The jackal bites you but does no damage.
You hit the rat.
You kill the rat!
Trog accepts your kill. The adder closely misses you.
You hit the adder.
The adder is lightly wounded.
The adder bites you.
You are poisoned.
The adder poisons you!
You hit the adder.
The adder is severely wounded.
You feel sick. The adder bites you but does no damage.
You barely miss the adder.
The adder is severely wounded.
You feel sick. The adder bites you.
You are more poisoned.
The adder poisons you! The adder bites you.
You are lethally poisoned!
The adder poisons you!
* * * LOW HITPOINT WARNING * * *
You feel very sick.
* * * LOW HITPOINT WARNING * * *
You feel very sick.
* * * LOW HITPOINT WARNING * * *
You feel sick. The adder bites you.
* * * LOW HITPOINT WARNING * * *
* * * LOW HITPOINT WARNING * * *
You feel sick.
* * * LOW HITPOINT WARNING * * *
You feel sick.
You die...

...#.##......##
##..#..#.##.<...
##.###$#.#...... #.
#.#....#..[ #.
###..$...#..#
##.##...........# #
...#.###..####..
#.###.......†## .
#..@#.g...†...#
###..Sh.h.##..######
###....S##.......$
#.....†r........
#......###..######
#.#....# ####
###....# #....#
######


You could see an adder, 2 jackals and a ball python.

Vanquished Creatures
  A worm (D:2)
  4 dart slugs
  4 endoplasms (D:1)
  3 giant cockroaches
  A goblin (D:1)
  5 hobgoblins
  A jackal (D:2)
  A quokka (D:1)
  4 ball pythons (D:1)
  5 bats
  2 frilled lizards (D:1)
  3 kobolds (D:1)
  5 rats
39 creatures vanquished.

Notes
Turn   | Place    | Note
-------+----------+-------------------------------------------
     0 | D:1      | SanguineChosen the Minotaur Berserker began the quest for
                  | the Orb.
     0 | D:1      | Reached XP level 1. HP: 19/19 MP: 0/0
   406 | D:1      | Reached XP level 2. HP: 26/27 MP: 1/1
  1004 | D:1      | Reached XP level 3. HP: 25/34 MP: 2/2
  1155 | D:1      | Found a faded altar of an unknown god.
  1530 | D:2      | Reached ** piety under Trog
  1576 | D:2      | HP: 1/34 [poisoned by an adder]
  1577 | D:2      | Succumbed to an adder's poison

Illustrated notes

Levels and vault maps discovered:
D:1:      minmay_arrival_loop, layout_loops_ring,
          hellmonk_ecumenical_altar_defaced_shrine
D:2:      layout_rooms, serial_shops, nicolae_shop_behind_doors, shop,
          nicolae_shop_behind_doors

Skill      XL: |  1  2 |
---------------+-------+-----
Fighting       | 4 |  4.7
Axes           | 4 |  4.2
Armour         | |  2.7
Dodging        | |  2.5

Action                   || total
-------------------------++-------
Melee: Hand axe          ||    90
       Headbutt          ||    10
Armor: Animal skin       ||    24
Dodge: Dodged            ||    73
